 Dungeon Crawl Stone Soup version 0.30.1-11-g7821555f0a (webtiles) character file.

Game seed: 4145141531170017791

1900 Peloso the Carver (level 8, -4/59 (71) HPs)
             Began as a Minotaur Fighter on Nov 16, 2023.
             Slain by a wight
             ... wielding a +0 scimitar
              (7 damage)
             ... on level 6 of the Dungeon.
             The game lasted 00:10:09 (4613 turns).

Peloso the Carver (Minotaur Fighter)                Turns: 4613, Time: 00:10:10

HP:   -4/59 (71)    AC: 12    Str: 20    XL:     8   Next: 93%
MP:   7/7           EV:  9    Int:  5    God:
Gold: 131           SH:  5    Dex: 13    Spells: 7/7 levels left

rFire   . . .        a - +0 long sword
rCold   . . .        d - +0 buckler
rNeg    . . .        c - +0 chain mail
rPois   .            (helmet restricted)
rElec   .            (no cloak)
rCorr   .            (no gloves)
SInv    .            m - +0 pair of boots
Will    .....        f - amulet of regeneration Stlth
                     (no ring)
HPRegen 1.09/turn    (no ring)
MPRegen 0.10/turn

%: no passive effects
@: hasted, heavily drained, very quick
A: horns 2, retaliatory headbutt
a: no special abilities


You were on level 6 of the Dungeon.
You visited 2 branches of the dungeon, and saw 8 of its levels.

You collected 323 gold pieces.
You spent 192 gold pieces at shops.

Inventory:

Hand Weapons
 a - a +0 long sword (weapon)
Armour
 b - a +0 scale mail
 c - a +0 chain mail (worn)
 d - a +0 buckler (worn)
 m - a +0 pair of boots (worn)
Jewellery
 e - an amulet of guardian spirit
 f - an amulet of regeneration (around neck)
 j - a ring of magical power
 C - an amulet of faith
Wands
 y - a wand of charming (5)
 A - a wand of roots (9)
Scrolls
 h - a scroll of magic mapping
 i - 2 scrolls of identify
 k - a scroll of enchant armour {unknown}
 n - a scroll of poison {unknown}
 o - 6 scrolls of teleportation {unknown}
 q - a scroll of fear {unknown}
 r - 6 scrolls of fog {unknown}
 t - a scroll of enchant weapon {unknown}
 v - a scroll of brand weapon
 z - a scroll of amnesia {unknown}
Potions
 g - 3 potions of might
 l - 2 potions of flight
 p - 4 potions of mutation
 s - 2 potions of resistance
 u - a potion of haste
 w - a potion of berserk rage {unknown}
 x - a potion of heal wounds
 B - a potion of magic {unknown}


   Skills:
 + Level 6.7 Fighting
 + Level 8.9 Long Blades
 + Level 8.2 Armour
 + Level 3.1 Dodging
 + Level 5.6 Shields


You had 7 spell levels left.
You didn't know any spells.
Your spell library contained the following spells:

 Spells                   Type           Power      Damage    Failure   Level
 Beastly Appendage        Tmut           0%         N/A       98%         1
 Ensorcelled Hibernation  Hex/Ice        0%         N/A       99%         2
 Passwall                 Tmut/Erth      0%         N/A       99%         2
 Wereblood                Tmut           0%         N/A       99%         2
 Spider Form              Tmut/Pois      0%         N/A       100%        3
 Swiftness                Air            0%         N/A       100%        3


Dungeon Overview and Level Annotations

Branches:
Dungeon (7/15)             Temple (1/1) D:6

Altars:
Ashenzari
Cheibriados
Dithmenos
Fedhas
Hepliaklqana
Makhleb
Nemelex Xobeh
Qazlal
Ru
Sif Muna
Trog
Uskayaw
Vehumet
Wu Jian
Xom
Yredelemnul
Zin
The Shining One

Shops:
D:2 !?(

Annotations:
D:4 2 transporters


Innate Abilities, Weirdness & Mutations

You have a pair of horns on your head.
You reflexively headbutt those who attack you in melee.


Message History

The wight hits you with a +4 great sword.
You feel drained.
Unknown command.
You hit the wight.
The wight is severely damaged.
The wight hits you with a +0 scimitar.
* * * LOW HITPOINT WARNING * * *
The wight misses you.
You hit the wight.
The wight is severely damaged.
Unknown command.
You hit the wight.
The wight is almost destroyed.
The wight hits you but does no damage.
The wight hits you with a +4 great sword.
* * * LOW HITPOINT WARNING * * *
Unknown command.
You barely miss the wight.
The wight is almost destroyed.
The wight hits you with a +0 scimitar.
* * * LOW HITPOINT WARNING * * *
You feel drained. The wight closely misses you. You furiously retaliate!
You headbutt the wight!
You destroy the wight!
You hit the wight but do no damage.
The wight is heavily damaged.
You completely miss the wight.
The wight is heavily damaged.
The wight hits you with a +0 scimitar!
* * * LOW HITPOINT WARNING * * *
You feel drained.
* * * LOW HITPOINT WARNING * * *
You closely miss the wight.
You headbutt the wight, but do no damage.
The wight is heavily damaged.
The wight hits you but does no damage.
You hit the wight but do no damage.
The wight is heavily damaged.
The wight hits you with a +0 scimitar!
You die...

.#.......#.......#.............##
###.....###.....##..............#
# ##...## ##...##.............(.#
######## ######...............#
......<# #...#...............#
...##### #..........[........#
.....#### #...................#
##......#####..)##.............##
.####.#.........@z.>....#.....##
..# #.#######..###########.####
#.# #.....###.#### #.#
#.#######........# #.#
#...#######......# #.#
###....####...<..## ###.###
####...)........### #.....#
######....♣♣...####.....#
#.....♣.#..........#


You could see a wight.

Vanquished Creatures
  Sigmund (D:6)
  A steam dragon (D:6)
  A water moccasin (D:6)
  2 ice beasts
  2 sky beasts
  A kobold brigand (D:5)
  A bullfrog (D:6)
  4 scorpions
  3 wights (D:6)
  2 jellies
  A hound (D:5)
  3 iguanas
  3 sleepcaps (D:5)
  4 orc wizards (D:5)
  8 gnolls
  7 adders
  A shadow imp (D:5)
  A white imp (D:6)
  A worm (D:2)
  A dart slug (D:3)
  16 orcs
  7 ball pythons
  8 bats
  12 endoplasms
  A giant cockroach (D:4)
  8 hobgoblins
  10 jackals
  16 kobolds
  4 quokkas
  4 frilled lizards
  8 goblins
  6 rats
148 creatures vanquished.

Vanquished Creatures (others)
  An adder (D:6)
1 creature vanquished.

Grand Total: 149 creatures vanquished

Notes
Turn   | Place    | Note
-------+----------+-------------------------------------------
     0 | D:1      | Peloso the Minotaur Fighter began the quest for the Orb.
     0 | D:1      | Reached XP level 1. HP: 19/19 MP: 0/0
   152 | D:1      | Reached XP level 2. HP: 25/27 MP: 1/1
   443 | D:1      | Reached XP level 3. HP: 33/33 MP: 2/2
  1064 | D:2      | Found a faded altar of an unknown god.
  1195 | D:2      | Reached XP level 4. HP: 40/40 MP: 3/3
  1254 | D:2      | Found Bixt's Distillery.
  1261 | D:2      | Bought a potion of degeneration for 14 gold pieces
  1267 | D:2      | Bought a potion of flight for 42 gold pieces
  1492 | D:2      | Found Feucat's Antique Weapon Shop.
  1493 | D:2      | Found Nemeitz's Magic Scroll Emporium.
  1503 | D:2      | Bought a scroll of noise for 13 gold pieces
  1884 | D:3      | Reached skill level 1 in Dodging
  1975 | D:3      | Reached XP level 5. HP: 47/47 MP: 4/4
  2333 | D:4      | Noticed a sky beast
  2348 | D:4      | Killed a sky beast
  2349 | D:4      | Reached skill level 5 in Armour
  2393 | D:4      | Reached skill level 5 in Long Blades
  2393 | D:4      | Reached XP level 6. HP: 49/53 MP: 5/5
  2405 | D:4      | Found a transporter.
  2495 | D:4      | Identified the +0 robe "Oxtok" {Stlth+}
  2627 | D:4      | Found a transporter.
  2708 | D:5      | Entered Level 5 of the Dungeon
  2721 | D:5      | Found an ornate altar of the Wu Jian Council.
  2751 | D:5      | Reached skill level 5 in Fighting
  2960 | D:5      | Identified the +10 sling of Mutilation {heavy, Fly Int+5}
  2971 | D:5      | Reached XP level 7. HP: 61/61 MP: 6/6
  3212 | D:5      | Found a shimmering altar of Xom.
  3570 | D:2      | Bought a scroll of brand weapon for 123 gold pieces
  3682 | D:5      | HP: 2/53 [kobold/+1 dagger of draining (1)]
  3783 | D:6      | Reached skill level 5 in Shields
  3857 | D:6      | Reached XP level 8. HP: 25/54 MP: 7/7
  4001 | D:6      | Noticed Sigmund
  4010 | D:6      | Killed Sigmund
  4245 | D:6      | Found a shimmering blue altar of Sif Muna.
  4448 | D:6      | Found a staircase to the Ecumenical Temple.
  4459 | Temple   | Entered the Ecumenical Temple
  4611 | D:6      | HP: 2/61 [wight/+0 scimitar (9)]
  4613 | D:6      | Slain by a wight

Illustrated notes

Levels and vault maps discovered:
D:1:      dpeg_arrival_windows_large_door, layout_basic, minmay_liquid_box,
          chequers_serial_rivers_micro_c
D:2:      layout_loops_corners, chequers_ecumenical_altar_island, serial_shops,
          shop, shop, shop
D:3:      layout_basic
D:4:      gammafunk_cloud_chamber, layout_rooms
D:5:      layout_loops_ring, general_overflow_altar,
          nicolae_wu_jian_wuxing_cycle
D:6:      kennysheep_six_static_rooms, layout_rooms, overflow_temple_1_default,
          temple_doors_ab, chequers_mini_garden, uniq_sigmund
D:7:      layout_rooms, okawaru_metal_pillars_1_2, uniq_crazy_yiuf_cottage
Temple:   eino_wide_crystal_templ

Skill      XL: |  1  2  3  4  5  6  7  8 |
---------------+-------------------------+-----
Fighting       | 4 5 6 |  6.7
Shields        | 4 5 |  5.6
Armour         | 4 5 6 8 |  8.2
Long Blades    | 3 4 5 6 7 8 |  8.9
Dodging        | 1 2 3 |  3.1

Action                     |  1- 3 |  4- 6 |  7- 9 || total
---------------------------+-------+-------+-------++-------
  Melee: Long sword        |   109 |   168 |   216 ||   493
         Headbutt          |    10 |    33 |    40 ||    83
    Use: Potion            |     1 |       |     2 ||     3
         Scroll            |       |     2 |       ||     2
 Armour: Scale mail        |    20 |       |       ||    20
         Chain mail        |    49 |    99 |   118 ||   266
  Dodge: Dodged            |    44 |    61 |    86 ||   191
  Block: Buckler           |    29 |    36 |    57 ||   122
